 Dungeon Crawl Stone Soup version 0.29.1-2-gbd0b4ee654 (webtiles) character file.

Game seed: 9468496534112176289

35 Descartes the Sneak (level 3, -2/19 HPs)
             Began as a Spriggan Delver on Nov 29, 2022.
             Slain by a necrophage (4 damage)
             ... on level 4 of the Dungeon.
             The game lasted 00:03:31 (2336 turns).

Descartes the Sneak (Spriggan Delver)               Turns: 2336, Time: 00:03:32

Health: -2/19      AC:  2    Str: 10    XL:     3   Next: 17%
Magic:  4/4        EV: 18    Int: 11    God:
Gold:   49         SH:  0    Dex: 16    Spells: 2/2 levels left

rFire   . . .      SeeInvis +   k - +2 short sword (drain)
rCold   . . .      Faith    .   (no shield)
rNeg    . . .      Spirit   .   b - +0 robe
rPois   .          Reflect  .   (helmet restricted)
rElec   .          Harm     .   (no cloak)
rCorr   .          Rampage  .   (gloves unavailable)
Will    .....                   (boots unavailable)
Stlth   ++++......              (no amulet)
HPRegen 0.06/turn               (no ring)
MPRegen 0.09/turn               (no ring)

@: very quick
A: very small, no large weapons, unfitting armour, see invisible, speed 3
a: no special abilities


You were on level 4 of the Dungeon.
You visited 1 branch of the dungeon, and saw 3 of its levels.

You collected 49 gold pieces.

Inventory:

Hand Weapons
 a - a +0 short sword
 k - a +2 short sword of draining (weapon)
Armour
 b - a +0 robe (worn)
Jewellery
 j - a ring of flight
 l - a ring of fire
Wands
 g - a wand of digging (3)
 i - a wand of quicksilver (14)
Scrolls
 c - a scroll of fog
 d - a scroll of magic mapping
 e - a scroll of fear
Potions
 f - a potion of haste
 h - a potion of curing {unknown}


   Skills:
 + Level 2.7 Fighting
 + Level 2.6 Short Blades
 + Level 3.3 Dodging
 * Level 7.8 Stealth


You had 2 spell levels left.
You didn't know any spells.
Your spell library contained the following spells:

 Spells                   Type           Power      Damage    Failure   Level
 Summon Small Mammal      Summ           0%         N/A       34%         1
 Call Canine Familiar     Summ           0%         N/A       71%         3
 Summon Guardian Golem    Hex/Summ       0%         N/A       71%         3


Dungeon Overview and Level Annotations

Branches:
Dungeon (5/15)
 Temple: D:4-7

Altars:
Nemelex Xobeh


Innate Abilities, Weirdness & Mutations

You are very small and have problems with some larger weapons.
You are too small for most types of armour.
You have supernaturally acute eyesight. (SInv)
You cover ground extremely quickly. (Speed+++)


Message History

You hit the necrophage.
The necrophage is moderately damaged.
The necrophage hits you.
You barely miss the necrophage.
The necrophage is moderately damaged.
The necrophage hits you but does no damage.
You hit the necrophage.
The necrophage is heavily damaged.
The necrophage barely misses you.
You barely miss the necrophage.
The necrophage is heavily damaged.
The necrophage completely misses you.
You hit the necrophage but do no damage.
The necrophage is heavily damaged.
The necrophage hits you.
You hit the necrophage.
The necrophage is heavily damaged.
The necrophage completely misses you.
You hit the necrophage but do no damage.
The necrophage is heavily damaged.
The necrophage misses you.
You hit the necrophage.
The necrophage is severely damaged.
The necrophage closely misses you.
You closely miss the necrophage.
The necrophage is severely damaged.
The necrophage closely misses you.
You barely miss the necrophage.
The necrophage is severely damaged.
The necrophage closely misses you.
You hit the necrophage.
The necrophage is severely damaged.
The necrophage hits you.
* * * LOW HITPOINT WARNING * * *
You hit the necrophage but do no damage.
The necrophage is severely damaged.
The scorpion stings you.
* * * LOW HITPOINT WARNING * * *
The necrophage hits you.
You die...

.........# #....###...#
........## #....# #...#
........## ##...## #..#
.........## #...## ...#
####......## ##...#
...# ##......####....#
..# #........#....#
#....#.......n#####
##....#.....@s....# .
####.....#.............
#............###.......
#.####.####.## ###....
#.# ..... #.#####.....s
#.#.......#..##........
#.#.. ....#............
#.. ._...........###..
.h# .....#.....###


You could see a necrophage and a scorpion.

Vanquished Creatures
  A gnoll (D:4)
  A shadow imp (D:5)
  A dart slug (D:4)
  3 orcs (D:4)
  2 endoplasms (D:4)
  4 jackals (D:4)
  A ball python (D:4)
13 creatures vanquished.

Vanquished Creatures (others)
  A fungus (D:4)
1 creature vanquished.

Grand Total: 14 creatures vanquished

Notes
Turn   | Place    | Note
-------+----------+-------------------------------------------
     0 | D:5      | Descartes the Spriggan Delver began the quest for the Orb.
     0 | D:5      | Reached XP level 1. HP: 11/11 MP: 2/2
   656 | D:4      | Reached XP level 2. HP: 15/16 MP: 3/3
  1300 | D:4      | Identified the +5 plate armour "Haisono" {rC+ Str-3 Int+4}
  1399 | D:4      | Reached XP level 3. HP: 14/19 MP: 4/4
  1807 | D:4      | Noticed a necrophage
  2196 | D:4      | Noticed a scorpion
  2271 | D:4      | Noticed a black bear
  2311 | D:4      | Found a sparkling altar of Nemelex Xobeh.
  2336 | D:4      | Slain by a necrophage

Illustrated notes

Levels and vault maps discovered:
D:3:      layout_rooms, nicolae_dithmenos_through_a_glass_darkly,
          shapermc_ecumenical_altar_gd, minmay_misc_feat_tower,
          kennysheep_generic_room_5, uniq_robin
D:4:      layout_layer_cave, old_standard_altar, kennysheep_nub,
          lemuel_flame_loot_1, uniq_crazy_yiuf_cottage
D:5:      layout_gridville, lemuel_round_altar, item_on_display_a

Skill      XL: |  1 |
---------------+----+-----
Dodging        | 3 |  3.3
Fighting       | |  2.7
Short Blades   | |  2.6
Stealth        | |  7.8

Action                   || total
-------------------------++-------
Melee: Short sword       ||    92
       Punch             ||     1
 Stab: Sleeping          ||     1
Armor: Robe              ||     8
Dodge: Dodged            ||    58
